Map: Romanticide LE

Players

LiquidClem (Clem) - Winner!

  • Race: Terran Terran
  • Spawn Location: 11:00

Ragnarok (SHIN)

  • Race: Zerg Zerg
  • Spawn Location: 5:00

VOD

Have the link to the VOD?

Description

Time

  • Played on: Jan. 12, 2021, 12:53 p.m.
  • Length: 17:59
Show
View Real Time Build Order
Export as new Build Order

LiquidClem Terran - Winner!

Build Orders: Reaper Expand 

Get SALT Encoding   

  12  0:00  SCV  
  13  0:12  SCV  
  14  0:17  Supply Depot  
  14  0:24  SCV  
  15  0:38  SCV  
  15  0:40  Barracks  
  15  0:42  Refinery  
  16  0:50  SCV  
  17  1:03  SCV  
  18  1:15  SCV  
  19  1:27  Orbital Command, Reaper  
  20  1:39  Command Center  
  20  1:48  Supply Depot  
  20  1:52  SCV  
  21  1:58  Marine  
  22  2:04  SCV  
  23  2:11  Factory  
  23  2:16  SCV  
  23  2:19  Barracks Reactor  
  24  2:29  SCV  
  25  2:38  Command Center  
  25  2:41  SCV  
  26  2:50  Orbital Command  
  26  2:53  SCV  
  27  2:59  Barracks  
  27  3:03  Barracks Tech Lab  
  27  3:05  SCV  
  28  3:08  Hellion  
  32  3:13  Hellion  
  32  3:17  SCV x2  
  34  3:22  Refinery  
  34  3:25  Marine  
  35  3:27  Stimpack  
  35  3:29  SCV x2  
  37  3:41  SCV x2  
  38  3:44  Marine  
  39  3:48  Starport  
  39  3:49  Orbital Command  
  39  3:54  Marine x2  
  41  3:55  Factory Reactor  
  41  3:56  SCV  
  41  3:57  SCV  
  41  4:02  Marine  
  43  4:08  SCV  
  43  4:09  SCV  
  46  4:11  Supply Depot  
  46  4:12  Marine x2  
  46  4:15  SCV  
  49  4:20  Marine  
  49  4:21  SCV x2  
  52  4:27  SCV  
  52  4:30  Armory, Marine x2  
  55  4:31  Medivac  
  55  4:33  Supply Depot, Hellion  
  55  4:34  Hellion  
  55  4:37  SCV x2  
  63  4:39  Orbital Command  
  63  4:40  Marine  
  63  4:43  Barracks  
  64  4:46  Refinery  
  64  4:49  Marine x2  
  64  4:52  SCV x2  
  68  4:55  Supply Depot, Hellion  
  68  4:58  Hellion  
  72  5:01  Marine  
  72  5:03  Medivac  
  72  5:04  SCV  
  72  5:07  Engineering Bay  
  76  5:10  Engineering Bay  
  76  5:11  SCV  
  77  5:16  SCV x2, Marine x2  
  82  5:22  Supply Depot  
  82  5:23  Hellion  
  82  5:24  SCV  
  82  5:26  Combat Shield  
  85  5:31  Refinery  
  85  5:32  Supply Depot  
  85  5:35  SCV  
  85  5:36  Starport Reactor  
  85  5:43  Marine x2  
  85  5:44  SCV x2  
  85  5:47  Widow Mine x2, SCV  
  85  5:49  Barracks Reactor  
  85  5:50  Terran Infantry Weapons Level 1  
  85  5:54  Supply Depot  
  85  5:56  SCV x2  
  85  5:57  Terran Infantry Armor Level 1  
  87  6:01  Marine x2  
  87  6:02  Supply Depot  
  88  6:04  SCV  
  88  6:06  Supply Depot  
  88  6:08  Marine  
  91  6:11  SCV  
  91  6:12  SCV  
  91  6:13  Barracks  
  91  6:15  Barracks  
  91  6:17  Supply Depot  
  92  6:19  Widow Mine x2  
  92  6:21  SCV  
  92  6:23  SCV  
  92  6:25  Medivac  
  99  6:26  Medivac  
  99  6:29  SCV  
  99  6:32  Marine x2  
  104  6:34  Marine x2  
  104  6:35  Supply Depot  
  104  6:36  Marine  
  104  6:38  SCV x2  
  109  6:43  Widow Mine x2, SCV  
  114  6:49  Factory, Refinery  
  114  6:52  SCV  
  115  6:55  Supply Depot, Marine x2  
  115  6:56  Marine x2  
  115  6:57  Supply Depot  
  115  6:58  SCV x2, Marine  
  122  7:03  Barracks Reactor x2, Supply Depot  
  122  7:05  SCV  
  123  7:09  Widow Mine x2  
  123  7:11  Medivac  
  123  7:13  Medivac, Marine x3  
  123  7:15  Supply Depot  
  132  7:19  SCV  
  132  7:20  Marine  
  134  7:25  Marine  
  134  7:26  Supply Depot  
  131  7:30  Widow Mine  
  131  7:31  Marine x3  
  131  7:33  Factory Tech Lab  
  136  7:38  Marine x2  
  136  7:39  Marine x3  
  136  7:41  Command Center  
  136  7:42  Medivac, Widow Mine, Marine  
  146  7:44  Medivac  
  146  7:49  Marine x3  
  147  7:52  Siege Tank  
  147  7:54  Terran Infantry Weapons Level 2  
  147  7:55  Marine  
  147  7:58  Marine x4  
  150  8:00  Marine  
  150  8:02  Terran Infantry Armor Level 2  
  150  8:03  Supply Depot  
  151  8:06  Refinery  
  151  8:10  Supply Depot, Marine x2  
  151  8:12  Marine  
  153  8:13  Supply Depot  
  153  8:15  Marine x3  
  153  8:18  Widow Mine x2  
  159  8:26  Siege Tank, Marine x2  
  159  8:27  Marauder  
  157  8:28  Marine  
  157  8:31  Liberator  
  161  8:35  Marine  
  161  8:36  Marine x3  
  161  8:39  Widow Mine  
  166  8:41  Medivac  
  166  8:42  Marine  
  166  8:44  Widow Mine, Marine x2  
  166  8:46  Marine  
  170  8:53  SCV x2  
  170  8:54  SCV  
  170  8:55  Barracks x3  
  171  9:01  Marine x2  
  171  9:02  Marine x2  
  154  9:05  Siege Tank  
  154  9:06  Supply Depot, Widow Mine  
  158  9:10  Bunker, SCV x3  
  158  9:11  Marine  
  158  9:13  Marine  
  158  9:14  Marine x2  
  165  9:18  Widow Mine  
  165  9:22  Marauder  
  169  9:27  Liberator  
  169  9:29  Marine  
  171  9:33  Marine x4  
  171  9:34  Marine x3  
  171  9:35  SCV x2  
  173  9:39  Planetary Fortress  
  173  9:43  Marauder  
  173  9:44  Barracks Tech Lab x2  
  173  9:46  Marine  
  173  9:47  Marine  
  173  9:49  Widow Mine  
  173  9:51  Marine  
  161  9:56  Marine x2  
  161  9:57  Marine x2  
  161  9:59  Widow Mine x2  
  158  10:00  Marine x2  
  158  10:02  Medivac  
  158  10:03  Terran Vehicle Weapons Level 1  
  158  10:04  Marine  
  158  10:05  Marauder x2, Marine  
  158  10:07  Concussive Shells  
  165  10:08  Barracks Tech Lab, Marine  
  165  10:12  Terran Infantry Weapons Level 3  
  165  10:17  Liberator  
  167  10:21  Marine  
  167  10:23  Marauder  
  167  10:25  Widow Mine, Marine  
  167  10:27  Marauder  
  165  10:29  Marine x3  
  165  10:30  Siege Tank  
  165  10:31  Widow Mine  
  165  10:33  Marauder, Marine x2  
  176  10:37  Marine x2  
  176  10:42  Command Center  
  169  10:45  Marine x2  
  169  10:47  Marine x3  
  169  10:48  Medivac  
  160  10:52  Marine  
  160  10:53  Marauder  
  158  10:58  Marauder x2  
  158  10:59  Marine x2  
  158  11:01  Marine x2  
  158  11:02  Siege Tank  
  158  11:03  Hellion, Marine x2  
  173  11:11  Marine  
  173  11:14  Marauder  
  173  11:17  Marine x3  
  173  11:18  Refinery, Marine x2  
  181  11:19  Marauder x2  
  181  11:20  Refinery  
  181  11:21  Sensor Tower, Terran Infantry Armor Level 3  
  181  11:24  Marine x3  
  181  11:25  Marine  
  188  11:30  Ghost Academy  
  188  11:32  Marine  
  186  11:33  SCV  
  186  11:35  Marauder, Marine  
  186  11:39  Siege Tank  
  183  11:40  Marine  
  183  11:41  Marauder x2, Marine x3  
  183  11:42  Marine  
  183  11:43  Marine  
  183  11:44  Marine  
  183  11:45  Marine  
  168  11:50  Marine  
  168  11:53  Siege Tank  
  173  11:56  Marine  
  173  11:57  Marine  
  173  11:59  SCV  
  173  12:00  SCV x3  
  179  12:01  Ghost x2  
  179  12:04  Marine x3  
  185  12:11  Barracks Tech Lab, SCV  
  185  12:12  Siege Tank  
  185  12:13  Missile Turret  
  185  12:15  Marine x2  
  169  12:19  Marine x3  
  169  12:20  Marine  
  143  12:23  Marine  
  143  12:24  Marine  
  143  12:26  Siege Tank  
  143  12:27  Medivac  
  148  12:31  Planetary Fortress  
  148  12:32  Marine x2  
  148  12:33  Refinery, Marine x2  
  152  12:39  Medivac  
  152  12:40  Marauder  
  152  12:41  Marauder x2, Marine  
  152  12:44  Siege Tank  
  164  12:46  Missile Turret  
  164  12:47  Refinery  
  164  12:49  Marine x2  
  164  12:50  Sensor Tower  
  166  12:51  Marine x2  
  168  12:59  Siege Tank  
  168  13:03  Marine x4  
  168  13:04  Ghost  
  177  13:07  Ghost  
  177  13:12  Missile Turret  
  179  13:15  Command Center  
  179  13:16  Siege Tank  
  182  13:24  Ghost  
  182  13:28  Marine x3  
  182  13:29  Ghost  
  182  13:31  Siege Tank  
  189  13:34  Ghost  
  190  13:41  Marine x2  
  190  13:44  Ghost  
  190  13:48  Siege Tank, Marine x2  
  198  13:50  Command Center  
  199  14:01  Terran Vehicle Weapons Level 2, Command Center  
  199  14:13  Factory  
  198  14:18  Siege Tank, Marine  
  198  14:20  Siege Tank, Marine x4  
  198  14:21  Marauder, Marine  
  198  14:23  Marine  
  198  14:36  Ghost  
  200  14:41  Command Center  
  200  14:42  Command Center  
  197  14:47  Ghost  
  199  14:54  Command Center  
  199  14:58  Personal Cloaking  
  199  15:15  Planetary Fortress, Orbital Command  
  199  15:16  Orbital Command  
  199  15:19  Command Center  
  199  15:20  Missile Turret  
  199  15:21  Missile Turret  
  199  15:22  Missile Turret  
  199  15:29  Liberator, Siege Tank  
  199  15:31  Marauder  
  199  15:35  Siege Tank  
  167  15:36  Medivac  
  167  15:37  Marine x6  
  167  15:38  Marine  
  167  15:41  Marauder x2  
  167  15:42  Marine x2  
  177  15:48  SCV  
  156  15:51  SCV  
  156  15:54  SCV  
  156  15:56  Marauder, Marine  
  161  16:01  Factory Tech Lab, Siege Tank  
  161  16:02  Marine x2  
  161  16:03  Marine x2  
  168  16:04  SCV  
  168  16:06  Liberator  
  168  16:07  Siege Tank  
  168  16:09  SCV x2  
  177  16:12  SCV  
  177  16:16  Unknown  
  178  16:22  Siege Tank  
  178  16:28  Marine x2  
  178  16:29  Marine  
  181  16:33  Missile Turret, Marauder, Siege Tank  
  181  16:35  Ghost  
  181  16:38  Ghost  
  181  16:39  Siege Tank, Marine  
  194  16:54  Siege Tank  
  187  16:55  Ghost  
  187  16:58  Ghost  
  178  17:04  Ghost  
  178  17:05  Siege Tank  
  178  17:06  Medivac  
  178  17:08  Marine x2  
  173  17:10  Medivac  
  173  17:11  Siege Tank, Marine x2  
  169  17:16  Ghost, Marine x3  
  169  17:17  Marine  
  170  17:23  Marine  
  170  17:25  Marine x2  
  170  17:26  Siege Tank  
  170  17:27  Orbital Command, Marine  
  170  17:29  Marine  
  178  17:30  Marine  
  178  17:34  Marine  
Show
View Real Time Build Order
Export as new Build Order

Ragnarok Zerg 

Build Orders: Hatch First, Lurkers 

Get SALT Encoding   

  12  0:00  Drone  
  13  0:12  Overlord  
  13  0:16  Drone  
  14  0:30  Drone x2  
  16  0:47  Hatchery  
  15  0:51  Drone  
  15  0:54  Drone  
  17  0:58  Drone  
  18  1:08  Extractor  
  17  1:13  Spawning Pool  
  17  1:16  Drone  
  17  1:18  Drone  
  18  1:27  Drone  
  19  1:42  Drone  
  20  1:51  Drone  
  21  1:59  Queen x2  
  21  2:00  Zergling x4  
  27  2:10  Overlord  
  27  2:12  Drone  
  28  2:20  Metabolic Boost  
  28  2:29  Hatchery  
  27  2:31  Drone  
  27  2:33  Drone  
  27  2:36  Drone  
  29  2:39  Drone  
  30  2:46  Queen  
  30  2:49  Drone  
  33  2:53  Overlord  
  33  2:56  Drone  
  34  2:59  Drone  
  34  3:05  Drone  
  36  3:13  Zergling x4, Drone x2  
  36  3:14  Drone x2  
  36  3:15  Drone  
  43  3:20  Overlord  
  43  3:22  Drone  
  44  3:32  Overlord  
  44  3:37  Overlord  
  44  3:38  Queen  
  44  3:40  Drone  
  44  3:41  Drone x2  
  48  3:42  Drone  
  48  3:46  Queen  
  52  3:51  Drone x2  
  54  3:58  Zergling x6  
  57  4:03  Zergling x2  
  57  4:05  Overlord  
  57  4:07  Drone  
  59  4:14  Drone x2  
  59  4:15  Drone x3  
  64  4:18  Drone x3  
  64  4:19  Queen, Drone  
  64  4:22  Evolution Chamber  
  69  4:24  Drone  
  69  4:26  Drone  
  69  4:27  Drone x2  
  69  4:28  Drone  
  74  4:38  Queen, Baneling Nest  
  73  4:39  Lair, Extractor x2  
  73  4:40  Drone  
  73  4:44  Overlord  
  74  4:50  Overlord  
  74  4:56  Overlord  
  74  4:58  Zerg Ground Armor Level 1  
  74  5:02  Queen  
  74  5:04  Drone x5  
  74  5:05  Zergling x2  
  81  5:10  Zergling x12  
  81  5:12  Zergling x2  
  88  5:16  Zergling x2  
  88  5:19  Overlord  
  88  5:20  Zergling x4  
  91  5:21  Baneling x6  
  91  5:23  Baneling  
  91  5:24  Zergling x4  
  93  5:29  Overlord  
  93  5:31  Zergling x6  
  93  5:33  Overlord  
  96  5:42  Zergling x4  
  94  5:46  Zergling x6  
  94  5:48  Baneling  
  94  5:49  Baneling x4  
  90  5:50  Drone x2  
  90  5:52  Drone  
  90  5:56  Evolution Chamber  
  91  5:58  Extractor x2, Drone x4  
  91  6:01  Centrifical Hooks  
  91  6:02  Drone  
  94  6:11  Drone  
  95  6:12  Zergling x2  
  95  6:14  Hatchery  
  95  6:15  Zergling x2, Baneling x3  
  95  6:17  Spore Crawler  
  95  6:19  Zergling x4  
  95  6:22  Zerg Melee Weapons Level 1, Spore Crawler  
  95  6:24  Drone x3  
  99  6:28  Zergling x8  
  99  6:31  Zergling x2  
  99  6:32  Hydralisk Den  
  103  6:37  Zergling x8  
  103  6:38  Overlord  
  107  6:46  Overlord  
  107  6:47  Drone  
  108  6:49  Overlord  
  108  6:55  Drone  
  108  6:56  Drone x3  
  108  6:57  Drone, Zerg Ground Armor Level 2  
  113  7:04  Grooved Spines, Zergling x8  
  113  7:05  Zergling x6  
  120  7:12  Hydralisk x3  
  124  7:21  Pneumatized Carapace, Overseer  
  123  7:22  Hydralisk  
  123  7:23  Zergling x4  
  123  7:29  Hydralisk  
  126  7:30  Zergling x4, Hydralisk  
  126  7:34  Drone x3  
  133  7:44  Drone x2  
  133  7:45  Drone  
  133  7:48  Drone x2  
  132  7:57  Drone x3  
  132  7:59  Drone  
  132  8:05  Extractor, Drone x3  
  133  8:06  Hydralisk, Drone x2  
  133  8:07  Hatchery  
  133  8:08  Hatchery  
  137  8:13  Baneling x6  
  137  8:14  Hydralisk x3  
  137  8:15  Muscular Augments  
  137  8:18  Overlord x3  
  137  8:19  Spore Crawler  
  140  8:24  Zergling x2, Hydralisk  
  140  8:25  Zergling x10  
  135  8:28  Overlord  
  135  8:29  Overseer  
  135  8:30  Baneling x11  
  135  8:34  Overlord  
  135  8:37  Zergling x4, Hydralisk  
  135  8:38  Zergling x10  
  140  8:42  Zergling x6, Hydralisk  
  140  8:43  Zergling x6  
  140  8:47  Hydralisk  
  138  8:50  Hatchery  
  138  8:51  Zergling x4  
  139  9:01  Hydralisk x3  
  139  9:02  Infestation Pit  
  134  9:03  Baneling x2  
  134  9:09  Zergling x8  
  138  9:12  Zerg Melee Weapons Level 2  
  138  9:14  Baneling  
  138  9:16  Zergling x4  
  140  9:20  Hydralisk x2  
  144  9:26  Zergling x6  
  144  9:28  Baneling x4  
  144  9:31  Zergling x14  
  153  9:35  Baneling x3  
  153  9:37  Hydralisk  
  153  9:38  Zergling x4  
  144  9:42  Zergling x6  
  144  9:43  Zergling x2  
  145  9:46  Zergling x4  
  140  9:55  Zergling x12  
  140  9:58  Hydralisk  
  140  9:59  Zergling x8  
  141  10:04  Lurker Den  
  141  10:06  Drone x2  
  138  10:08  Hydralisk  
  138  10:09  Zergling x6  
  138  10:14  Baneling x10  
  142  10:15  Overseer  
  142  10:20  Zergling x2  
  142  10:21  Zergling x10  
  148  10:25  Zergling x10  
  144  10:32  Zergling x14  
  145  10:38  Zergling x12  
  145  10:40  Zergling x6, Overseer  
  147  10:48  Zergling x14  
  143  10:52  Hive  
  143  10:53  Zerg Missile Weapons Level 1  
  143  10:55  Baneling x6  
  143  10:57  Zergling x2  
  143  10:58  Zergling x4  
  143  11:01  Drone x2  
  148  11:05  Lurker x4  
  148  11:08  Zergling x14  
  159  11:15  Drone x4  
  159  11:16  Drone  
  159  11:17  Spore Crawler, Drone x2  
  165  11:19  Zergling x8  
  165  11:26  Zergling x2  
  165  11:27  Zergling x8  
  165  11:29  Baneling  
  165  11:30  Baneling x13  
  169  11:36  Zergling x6  
  169  11:37  Zergling x12  
  176  11:45  Zergling x2  
  176  11:46  Zergling x12  
  167  11:49  Hydralisk  
  167  11:50  Zergling x2  
  167  11:52  Overlord  
  170  11:55  Overlord  
  170  11:59  Overlord  
  170  12:02  Baneling x12  
  170  12:03  Baneling  
  167  12:15  Zergling x6, Seismic Spines  
  146  12:16  Zergling x18  
  146  12:19  Zergling x8  
  137  12:24  Hydralisk  
  137  12:25  Zergling x8  
  137  12:27  Baneling x4  
  143  12:33  Zergling x12, Extractor  
  143  12:34  Extractor  
  143  12:35  Lurker  
  148  12:41  Drone  
  148  12:42  Drone x5  
  154  12:47  Drone  
  154  12:49  Extractor, Hydralisk x4  
  162  12:52  Drone  
  162  12:56  Zergling x2  
  162  12:57  Zergling x6  
  164  13:10  Overseer  
  164  13:12  Adaptive Talons  
  161  13:13  Drone  
  161  13:15  Zergling x24  
  161  13:17  Zerg Ground Armor Level 3  
  174  13:21  Spine Crawler  
  174  13:24  Extractor  
  174  13:25  Zerg Missile Weapons Level 2  
  170  13:27  Hydralisk  
  170  13:28  Zergling x6  
  170  13:32  Spine Crawler  
  173  13:35  Lurker x2  
  176  13:41  Zergling x16  
  176  13:44  Baneling x6  
  176  13:47  Zergling x6  
  185  13:50  Baneling x6  
  185  13:53  Zergling x2  
  185  13:54  Zergling x4  
  186  14:02  Viper x2  
  189  14:04  Zergling x6  
  189  14:07  Baneling x7  
  195  14:13  Baneling  
  195  14:14  Baneling x6  
  191  14:19  Zergling x22  
  194  14:24  Baneling x9  
  194  14:25  Baneling  
  189  14:36  Baneling x5  
  189  14:37  Zergling x14, Baneling x5  
  194  14:43  Overlord  
  194  14:45  Adrenal Glands  
  194  14:47  Zergling x4  
  194  14:50  Overlord  
  194  14:51  Baneling  
  194  14:52  Baneling x5  
  196  15:03  Zergling x8  
  196  15:05  Hatchery  
  199  15:10  Zergling x6  
  197  15:33  Hydralisk  
  197  15:34  Zergling x44  
  197  15:42  Zergling x8  
  163  15:51  Hydralisk x7  
  174  16:04  Lurker  
  174  16:05  Lurker x6  
  174  16:06  Lurker x2  
  174  16:07  Baneling x13  
  174  16:10  Zergling x6  
  185  16:18  Zergling x2, Hydralisk  
  185  16:19  Zergling x10  
  185  16:20  Overseer  
  185  16:21  Overseer x2  
  187  16:27  Zergling x8  
  191  16:33  Spore Crawler  
  189  16:40  Zergling x18  
  189  16:41  Zergling x4  
  189  16:45  Baneling x9  
  168  16:57  Hydralisk  
  168  16:58  Zergling x22  
  168  17:03  Hydralisk  
  168  17:04  Zergling x6  
  168  17:08  Hydralisk  
  141  17:09  Zergling x4  
  136  17:18  Hydralisk x4  
  135  17:23  Zergling x8  
  135  17:26  Zergling x8  
  143  17:30  Lurker  
  143  17:31  Lurker x2  
  143  17:33  Zergling x6  
  141  17:37  Zergling x6  
Tags
 
Add a new tag
Caveats
  • Supply blocks, unpowered buildings, or Contaminate may cause inaccurate times.
  • Supply counts are checked every 10 seconds.